AoeStats
← Vaskyn77

Arabia

507485504Analyzed
2v2 RM · 14d ago on Sep 18, 2026· 59m 12s· 4 players
Game mode
Random Map
Map size
Medium (4 player)
Population
200
Speed
Normal
Resources
Standard
Victory
Conquest
Starting age
Dark Age
Ending age
Imperial Age
RankedLock teamsTeams togetherTeam positionsShared explorationLock speedFull tech treeHidden civsTurbo modeCheats
Victory
Defeat
🇺🇸 Vikings · United States
845
+16
🇺🇸 Poles · United States
843
+17
🇨🇿 Italians · Czechia
855
-17
🇨🇿 Ethiopians · Czechia
854
-16
XxAn0nym0us7xX
11:59 Feudal Age
11:25 Loom
15:23 Bloodlines
17:14 Forging
24:26 Castle Age
24:28 Horse Collar
24:57 Scale Barding Armor
24:29 Light Cavalry
25:27 Double-Bit Axe
26:53 Husbandry
29:46 Heavy Plow
33:10 Iron Casting
34:10 Murder Holes
34:37 Ballistics
34:30 Crossbowman
35:15 Thumb Ring
38:26 Fletching
38:37 Padded Archer Armor
41:35 Bodkin Arrow
41:56 Leather Archer Armor
46:06 Imperial Age
44:00 Szlachta Privileges
43:56 Town Watch
44:32 Gold Mining
47:53 Blast Furnace
47:48 Wheelbarrow
48:52 Stone Mining
51:07 Bracer
51:29 Chain Barding Armor
50:33 Cavalier
51:02 Arbalester
56:03 Lechitic Legacy
57:11 Winged Hussar
XXsangerealXX 3
7:09 Loom
11:59 Feudal Age
14:12 Double-Bit Axe
15:13 Gold Mining
15:29 Fletching
21:58 Castle Age
21:04 Man-at-Arms
22:59 Bodkin Arrow
23:25 Pikeman
25:17 Long Swordsman
28:43 Bow Saw
30:05 Scale Mail Armor
30:28 Forging
32:04 Gambesons
35:14 Chieftains
38:25 Iron Casting
39:45 Scale Mail Armor
45:43 Ballistics
48:41 Elite Skirmisher
Vaskyn77
10:28 Loom
12:26 Feudal Age
13:08 Horse Collar
18:30 Castle Age
16:33 Double-Bit Axe
22:31 Stone Mining
23:45 Scale Barding Armor
23:22 Man-at-Arms
27:58 Town Watch
37:13 Imperial Age
38:16 Fletching
38:26 Padded Archer Armor
42:18 Heavy Plow
42:27 Treadmill Crane
43:14 Forging
43:05 Scale Mail Armor
43:01 Bodkin Arrow
45:55 Bracer
46:10 Leather Archer Armor
48:55 Conscription
50:40 Wheelbarrow
50:06 Town Patrol
52:31 Gold Mining
53:17 Stone Shaft Mining
53:39 Chain Barding Armor
53:35 Chain Mail Armor
Lukascimice
8:45 Loom
10:31 Feudal Age
13:41 Horse Collar
22:32 Castle Age
22:20 Fletching
22:40 Crossbowman
23:18 Double-Bit Axe
23:28 Gold Mining
23:35 Stone Mining
24:38 Squires
30:19 Gold Shaft Mining
31:19 Forging
31:11 Scale Mail Armor
40:26 Chain Mail Armor
43:00 Wheelbarrow
42:40 Bow Saw
43:11 Stone Shaft Mining
42:26 Elite Skirmisher
44:45 Heavy Plow
45:06 Hand Cart
47:33 Town Watch
51:00 Imperial Age
49:40 Iron Casting
50:12 Thumb Ring
50:50 Bodkin Arrow
50:55 Padded Archer Armor
50:36 Light Cavalry
53:12 Conscription
55:39 Ballistics
Connection lost

Rejoining the realm…

Still unreachable

The connection could not be restored.

Session expired

The server has moved on; the page needs a fresh start.